 Dungeon Crawl Stone Soup version 0.23-a0-713-ge59bbb1 (webtiles) character file.

17946 Blackhawk the Fighter (level 12, -3/94 HPs)
             Began as a Demonspawn Gladiator on Jan 15, 2019.
             Was an Elder of Trog.
             Slain by Rupert
             ... wielding a +2 great sword of flaming
              (12 damage)
             ... on level 4 of the Lair of Beasts.
             The game lasted 00:32:59 (15890 turns).

Blackhawk the Fighter (Demonspawn Gladiator)       Turns: 15890, Time: 00:32:59

Health: -3/94      AC: 14    Str: 19    XL:     12   Next: 23%
Magic:  0/12       EV: 12    Int: 11    God:    Trog [****..]
Gold:   660        SH: 17    Dex: 14    Spells: 11/11 levels left

rFire    . . .     SeeInvis .   a - +1 dagger (venom)
rCold    + . .     Gourm    .   h - +1 large shield
rNeg     . . .     Faith    .   E - +2 ring mail {rPois}
rPois    +         Spirit   +   (helmet restricted)
rElec    .         Reflect  .   (no cloak)
rCorr    .         Harm     .   G - +0 pair of gloves
MR       +....                  y - +0 pair of boots
Stlth    +.........             N - amulet of magic regeneration
HPRegen  0.25/turn              S - ring of protection from magic
MPRegen  0.51/turn              j - ring of protection from cold

@: no status effects
A: horns 2, molten scales 2, spiny 2, magic shield, magic regeneration
a: Berserk, Trog's Hand, Brothers in Arms, Renounce Religion


You were on level 4 of the Lair of Beasts.
You worshipped Trog.
Trog was greatly pleased with you.
You were not hungry.

You visited 2 branches of the dungeon, and saw 15 of its levels.

You collected 956 gold pieces.
You spent 296 gold pieces at shops.

Inventory:

Hand Weapons
 a - a +1 dagger of venom (weapon)
 b - the +7 mace of the Well-Known Demons {speed, Int+6}
   (You took it off a crimson imp on level 8 of the Dungeon)

   Attacks with this weapon are significantly faster.
   It affects your intelligence (+6).
 L - a +3 battleaxe of freezing
 U - a +0 demon trident
 Y - the +9 rapier of Annoyance {antimagic, Int-5 Dex+3, unknown}
   (You found it on level 1 of the Lair of Beasts)

   It reduces the magical energy of the wielder, and disrupts the spells and
   magical abilities of those hit.
   Natural abilities and divine invocations are not affected.
   It affects your intelligence (-5).
   It affects your dexterity (+3).
Missiles
 d - 3 throwing nets (quivered)
Armour
 e - a +0 plate armour
 h - a +1 large shield (worn)
 y - a +0 pair of boots (worn)
 E - a +2 ring mail of poison resistance (worn)
 G - a +0 pair of gloves (worn)
Jewellery
 j - a ring of protection from cold (right hand)
 I - an uncursed ring of resist corrosion
 N - an amulet of magic regeneration (around neck)
 S - a ring of protection from magic (left hand)
Wands
 c - a wand of polymorph (4)
 o - a wand of digging (3)
 A - a wand of flame (33)
 H - a wand of acid (18)
 J - a wand of iceblast (29)
 K - a wand of enslavement (4)
 O - a wand of scattershot (4)
Scrolls
 i - 9 scrolls of remove curse
 p - 4 scrolls of blinking
 v - a scroll of magic mapping
 x - 2 scrolls of fog
 C - 3 scrolls of teleportation
Potions
 g - a potion of brilliance
 k - 2 potions of might
 l - a potion of berserk rage {unknown}
 m - 3 potions of haste
 n - 2 potions of flight
 q - 6 potions of curing
 r - 2 potions of mutation
 t - 4 potions of magic
 u - 4 potions of cancellation
 z - 2 potions of ambrosia
 B - 2 potions of heal wounds
 P - 3 potions of resistance
 W - a potion of invisibility {unknown}
Miscellaneous
 Q - a lamp of fire
Comestibles
 f - 30 rations
 s - 5 chunks of flesh


   Skills:
 + Level 8.7 Fighting
 + Level 8.2 Axes
 + Level 8.1 Throwing
 + Level 7.3 Armour
 + Level 8.3 Dodging
 + Level 7.2 Shields


You had 11 spell levels left.
You didn't know any spells.
Your spell library was empty.

Dungeon Overview and Level Annotations

Branches:
Dungeon (11/15)            Temple (0/1) D:5            Lair (4/6) D:8
 Shoals (0/4) Lair:3        Snake (0/4) Lair:3          Orc (0/2) D:10

Altars:
Cheibriados
Dithmenos
Elyvilon
Gozag
Okawaru
Ru
Sif Muna
Trog
Vehumet
Wu Jian
Xom
The Shining One

Shops:
D:5 ?!**:

Annotations:
D:2 Sigmund
D:3 1 runed door
D:5 1 runed door, saktiwijayarahman's ghost, novice GrFi
D:6 Prince Ribbit
D:7 3 runed doors, edsrzf's ghost, novice HuBe; smazza's ghost, novice GrFE
D:9 2 transporters
Lair:3 exclusion: oklob plant
Lair:4 Rupert


Innate Abilities, Weirdness & Mutations

You have a pair of horns on your head.
You are mostly covered in molten scales. (AC +3)
You are mostly covered in sharp spines.
When hurt, damage is shared between your health and your magic reserves.
You regenerate magic rapidly.


Message History

You hit Rupert. You headbutt Rupert.
Rupert is moderately wounded.
The bullfrog is struck by your spines. The bullfrog barely misses you.
Rupert is struck by your spines.
Rupert hits you with a +2 great sword of flaming!!
Rupert burns you! You block the bullfrog's attack. Rupert closely misses you.
The bullfrog hits the plant but does no damage.
Rupert is struck by your spines.
Rupert hits you with a +2 great sword of flaming!
Rupert burns you.
Rupert rages.
Rupert rages.
Rupert hits you with a +2 great sword of flaming.
Rupert burns you. You block the bullfrog's attack. x2
Rupert hits you with a +2 great sword of flaming!!!
* * * LOW HITPOINT WARNING * * *
Rupert burns you!
You die...

## ##.# ..... ####### #
.....# #####.#.#.###.#
......# ###.....<......##
.......##.@.............#
..........P@...........##
<.....#.P.PF...........#
..... ###...............#
.... ###............P#
... ##..P.#PP.#.### ..
##.######### . #...P
#.#... ...P


You could see Rupert (berserk) and a bullfrog.

Vanquished Creatures
  A two-headed ogre (D:10)
  A manticore (Lair:3)
  An elephant (Lair:2)
  2 black mambas
  3 spiny frogs
  3 komodo dragons
  A rime drake (Lair:3)
  6 hippogriffs
  4 blink frogs (Lair:1)
  A wyvern (D:10)
  30 yaks
  A human (D:7)
  A hungry ghost (D:9)
  4 hogs (D:7)
  Menkaure (D:6)
  10 water moccasins
  3 porcupines
  An orc warrior (D:10)
  A swamp drake (D:10)
  2 ice beasts
  2 sky beasts
  9 ogres
  A centaur (Lair:2)
  4 wolves (Lair:2)
  5 crocodiles
  The ghost of yaymichael the Digger, an amateur GrEE (D:3)
  A big kobold (D:8)
  16 bullfrogs
  A scorpion (D:7)
  5 wights (D:8)
  7 howler monkeys
  5 electric eels (Lair:1)
  5 crimson imps
  A bullfrog zombie (D:7)
  8 hounds
  A jelly (D:9)
  A gnoll shaman (D:8)
  5 orc priests
  16 orc wizards
  4 iguanas
  Jessica (D:3)
  6 worker ants
  A hound skeleton (D:10)
  A worker ant zombie (D:9)
  7 gnolls
  10 adders
  2 shadow imps
  3 oozes (D:2)
  An adder zombie (D:6)
  An adder skeleton (D:6)
  3 worms
  3 dart slugs
  A leopard gecko (D:5)
  45 orcs
  5 bats
  2 giant cockroaches
  9 hobgoblins
  12 jackals
  11 kobolds
  2 quokkas
  A ball python (D:4)
  6 frilled lizards
  9 goblins
  A jackal skeleton (D:5)
  A leopard gecko zombie (D:7)
  8 rats
  A fungus (Lair:3)
328 creatures vanquished.

Vanquished Creatures (others)
  An orc wizard (D:10)
  6 fungi
  A withered plant (D:7)
8 creatures vanquished.

Grand Total: 336 creatures vanquished

Notes
Turn   | Place    | Note
-------+----------+-------------------------------------------
     0 | D:1      | Blackhawk the Demonspawn Gladiator began the quest for the
                  | Orb.
     0 | D:1      | Reached XP level 1. HP: 16/16 MP: 1/1
    97 | D:1      | Gained mutation: You are partially covered in molten
                  | scales. (AC +2) [demonic ancestry]
    97 | D:1      | Reached XP level 2. HP: 5/22 MP: 2/2
   821 | D:1      | Gained mutation: When hurt, damage is shared between your
                  | health and your magic reserves. [demonic ancestry]
   821 | D:1      | Reached XP level 3. HP: 28/28 MP: 3/3
  1267 | D:2      | Noticed Sigmund
  1333 | D:2      | Found a bloodstained altar of Trog.
  1343 | D:2      | Became a worshipper of Trog the Wrathful
  1499 | D:2      | Gained mutation: You have a pair of small horns on your
                  | head. [demonic ancestry]
  1499 | D:2      | Reached XP level 4. HP: 34/34 MP: 4/4
  1709 | D:2      | Found a sacrificial altar of Ru.
  1741 | D:2      | Found a shimmering altar of Xom.
  2079 | D:3      | Found a glowing golden altar of the Shining One.
  2173 | D:3      | Found a runed door.
  2676 | D:3      | Noticed Jessica
  2682 | D:3      | Killed Jessica
  2750 | D:3      | Found a runed gate.
  2751 | D:3      | Found a runed gate.
  2752 | D:3      | Found a runed gate.
  2756 | D:3      | Noticed yaymichael's ghost (amateur GrEE)
  3141 | D:4      | Noticed an ogre
  3164 | D:3      | Gained mutation: You are partially covered in sharp spines.
                  | [demonic ancestry]
  3164 | D:3      | Reached XP level 5. HP: 30/41 MP: 5/5
  3390 | D:3      | Reached * piety under Trog
  3421 | D:3      | Reached skill level 1 in Shields
  3454 | D:4      | Reached skill level 1 in Armour
  3454 | D:4      | Reached XP level 6. HP: 45/47 MP: 6/6
  3603 | D:4      | Found an iron altar of Okawaru.
  3810 | D:4      | Found a radiant altar of Vehumet.
  3988 | D:5      | Entered Level 5 of the Dungeon
  3988 | D:5      | Found Retrusuj's General Store.
  4109 | D:5      | Reached XP level 7. HP: 43/53 MP: 7/7
  4347 | D:5      | Found Nuehuulit's General Store.
  4450 | D:5      | Found Pysewk's Book Shop.
  4475 | D:5      | Found a staircase to the Ecumenical Temple.
  4532 | D:5      | Reached ** piety under Trog
  4674 | D:5      | Found Goynam's Distillery.
  4689 | D:5      | Bought a potion of curing for 33 gold pieces
  4693 | D:5      | Found a runed door.
  4693 | D:5      | Noticed saktiwijayarahman's ghost (novice GrFi)
  4866 | D:5      | Found Isoarr's Magic Scroll Boutique.
  4872 | D:5      | Bought a scroll of identify for 26 gold pieces
  4872 | D:5      | Bought a scroll of teleportation for 39 gold pieces
  5221 | D:6      | Found a white marble altar of Elyvilon.
  5321 | D:6      | Reached XP level 8. HP: 49/61 MP: 8/8
  5415 | D:6      | Noticed Menkaure
  5422 | D:6      | Killed Menkaure
  5446 | D:6      | Found a snail-covered altar of Cheibriados.
  5519 | D:6      | Found a shadowy altar of Dithmenos.
  5541 | D:6      | Noticed Prince Ribbit
  5937 | D:7      | Found a deep blue altar of Sif Muna.
  6112 | D:7      | Reached skill level 5 in Axes
  6112 | D:7      | Reached skill level 5 in Dodging
  6154 | D:7      | Reached skill level 5 in Fighting
  6375 | D:7      | Found an iron altar of Okawaru.
  6444 | D:7      | Reached skill level 5 in Throwing
  6444 | D:7      | Gained mutation: You are mostly covered in sharp spines.
                  | [demonic ancestry]
  6444 | D:7      | Reached XP level 9. HP: 65/68 MP: 9/9
  6852 | D:7      | Found a runed gate.
  6852 | D:7      | Found a runed gate.
  6852 | D:7      | Found a runed gate.
  6853 | D:7      | Noticed edsrzf's ghost (novice HuBe)
  6854 | D:7      | Noticed smazza's ghost (novice GrFE)
  7276 | D:8      | Reached *** piety under Trog
  7343 | D:8      | Found an opulent altar of Gozag.
  7535 | D:8      | Found an ornate altar of the Wu Jian Council.
  7565 | D:8      | Found a staircase to the Lair.
  7864 | D:8      | Identified the +7 mace of the Well-Known Demons {speed,
                  | Int+6}
  8444 | D:5      | Bought a +2 ring mail of poison resistance for 198 gold
                  | pieces
  8591 | D:3      | Killed yaymichael's ghost
  8783 | Lair:1   | Entered Level 1 of the Lair of Beasts
  8831 | Lair:1   | Noticed a spiny frog
  8848 | Lair:1   | Killed a spiny frog
  8848 | Lair:1   | Gained mutation: You are mostly covered in molten scales.
                  | (AC +3) [demonic ancestry]
  8848 | Lair:1   | Reached XP level 10. HP: 57/77 MP: 8/10
  8976 | D:9      | Found a glowing golden altar of the Shining One.
  9137 | D:9      | Reached skill level 5 in Armour
  9140 | D:9      | Reached **** piety under Trog
  9202 | D:9      | Found a transporter.
  9203 | D:9      | Found the +3 Elemental Staff {rElec rF++ rC++ MR++ AC+5}
  9212 | D:9      | Noticed a wolf spider
  9217 | D:9      | Noticed a two-headed ogre
  9218 | D:9      | Noticed a guardian serpent
  9220 | D:9      | Found a transporter.
  9395 | D:9      | Reached skill level 5 in Shields
  9786 | D:10     | Entered Level 10 of the Dungeon
 10292 | D:10     | Received a gift from Trog
 10503 | D:10     | Found a staircase to the Orcish Mines.
 10709 | D:10     | Noticed a two-headed ogre
 10717 | D:10     | Killed a two-headed ogre
 10717 | D:10     | Gained mutation: You have a pair of horns on your head.
                  | [demonic ancestry]
 10717 | D:10     | Reached XP level 11. HP: 84/84 MP: 11/11
 11031 | D:11     | Received a gift from Trog
 11281 | D:11     | Noticed a two-headed ogre
 11552 | Lair:1   | Got a faintly humming chain mail
 12431 | Lair:1   | Received a gift from Trog
 12621 | Lair:1   | Got an ichor-stained rapier
 12922 | Lair:1   | Identified the cursed +0 chain mail of Marbles {rN+} (You
                  | found it on level 1 of the Lair of Beasts)
 14329 | Lair:3   | Found a snail-covered altar of Cheibriados.
 14329 | Lair:3   | Noticed an oklob plant
 14432 | Lair:3   | Found a staircase to the Shoals.
 14457 | Lair:3   | Gained mutation: You regenerate magic rapidly. [demonic
                  | ancestry]
 14457 | Lair:3   | Reached XP level 12. HP: 26/94 MP: 4/12
 14789 | Lair:3   | Received a gift from Trog
 15319 | Lair:3   | Found a staircase to the Snake Pit.
 15873 | Lair:4   | Noticed Rupert
 15890 | Lair:4   | Slain by Rupert

Vault maps used:
D:1:      saegor_arrival_simple_c, minmay_tetromino_o2
D:2:      nicolae_ru_sacrificial_ziggurat, marbit_many_paths, bloody_trog,
          first_ration, st_stairs_14, kennysheep_generic_room_7, uniq_sigmund,
          uniq_natasha
D:3:      old_standard_altar, gammafunk_ghost_split, uniq_jessica,
          uniq_crazy_yiuf_cottage
D:4:      okawaru_altar_gauntlet_db, lemuel_round_altar, minmay_hedge_maze
D:5:      minmay_temple_entry_arrows, hellmonk_ghost_happy_afterlife,
          serial_shops, nicolae_shop_temple_entry_statues_fountains, shop, shop,
          shop_coins, shop_statue, hex_large
D:6:      elyvilon_altar_3, kennysheep_little_box,
          nicolae_dithmenos_the_darkroom, portal_sewer_entry_d,
          hangedman_abyss_or_decor_passed, uniq_prince_ribbit1, uniq_menkaure
D:7:      nicolae_overflow_hidden_temple, gammafunk_ghost_cemetery, basic_altar,
          grunt_livestock, minmay_misc_feat_tiny
D:8:      lemuel_crystal_altar, overflow_temple_1_default, lair_entry_dummy
D:9:      gammafunk_sealed_arena, tso_metal_star
D:10:     erik_orc_1
D:11:     enter_bailey_3, xom_redecorated, uniq_grum
Lair:1:   serial_bayou_shore_b
Lair:2:   grunt_forest_large_clearing_hut
Lair:3:   minmay_shoals_entry_beasts, dummy_snake_entry, lemuel_oklob_altar,
          grunt_megastairs_4
Lair:4:   gammafunk_ghost_berserking_beasts, beast_lair_carwin_6, uniq_rupert

Skill      XL: |  1  2  3  4  5  6  7  8  9 10 11 12 |
---------------+-------------------------------------+-----
Throwing       | 2 3 4 5 6 7 8 |  8.1
Dodging        | 3 4 5 6 7 8 |  8.3
Axes           | 3 4 5 6 7 8 |  8.2
Fighting       | 3 4 5 6 7 8 |  8.7
Shields        | 1 2 3 4 5 7 |  7.2
Armour         | 1 2 3 4 6 7 |  7.3

Action                   |  1- 3 |  4- 6 |  7- 9 | 10-12 || total
-------------------------+-------+-------+-------+-------++-------
Melee: War axe           |   107 |    44 |    37 |       ||   188
       Dagger            |       |   109 |   340 |   669 ||  1118
       Headbutt          |       |    28 |    97 |   181 ||   306
       Mace              |       |       |    11 |    22 ||    33
Invok: Berserk           |       |       |     2 |     1 ||     3
Evoke: Wand              |       |       |       |    10 ||    10
  Use: Scroll            |     1 |       |     5 |    13 ||    19
       Potion            |       |     2 |       |     2 ||     4
 Stab: Sleeping          |     1 |       |       |       ||     1
  Eat: Chunk             |     2 |     8 |    17 |    28 ||    55
Armor: Leather armour    |    29 |    14 |       |       ||    43
       Plate armour      |       |    73 |   137 |    37 ||   247
       Ring mail         |       |       |     2 |   166 ||   168
Dodge: Dodged            |    73 |    39 |    23 |   195 ||   330
Block: Large shield      |       |    74 |   281 |   561 ||   916

Table legend:
 A = Non-vault XP
 B = Vault XP
 C = Vault XP percentage of total XP
 D = Non-vault monster count
 E = Vault monster count
 F = Vault count percentage of total count
                 A         B        C        D         E       F
            +---------+---------+-------+---------+---------+-------
      Total |   21294 |    4344 |  16.9 |     283 |      45 |  13.7
            +---------+---------+-------+---------+---------+-------
        D:1 |      48 |       3 |   5.9 |      26 |       2 |   7.1
        D:2 |      67 |       6 |   8.2 |      16 |       2 |  11.1
        D:3 |     185 |     137 |  42.5 |      18 |       4 |  18.2
        D:4 |     222 |      25 |  10.1 |       9 |       6 |  40.0
        D:5 |     621 |       0 |   0.0 |      27 |       0 |   0.0
        D:6 |     560 |     182 |  24.5 |      10 |       2 |  16.7
        D:7 |     869 |     988 |  53.2 |      15 |       5 |  25.0
        D:8 |    1371 |       0 |   0.0 |      41 |       0 |   0.0
        D:9 |    1999 |       0 |   0.0 |      30 |       0 |   0.0
       D:10 |    3881 |     557 |  12.6 |      29 |      17 |  37.0
       D:11 |     611 |       0 |   0.0 |       3 |       0 |   0.0
     Lair:1 |    4846 |       0 |   0.0 |      28 |       0 |   0.0
     Lair:2 |    3123 |    1006 |  24.4 |      18 |       3 |  14.3
     Lair:3 |    2519 |    1440 |  36.4 |      12 |       4 |  25.0
     Lair:4 |     372 |       0 |   0.0 |       1 |       0 |   0.0
            +---------+---------+-------+---------+---------+-------
